[Event "Titled Tuesday Blitz August 16 Late 2022"]
[White "Altman, Joshua"]
[Black "Hoffmann, Asa"]
[WhiteFideId "426210"]
[BlackFideId "2001470"]
[WhiteElo "1945"]
[BlackElo "2117"]
[Result "1-0"]
[Round "04"]
[TimeControl "180+1"]
[Date "2022.08.18"]
[WhiteClock "0:00:00"]
[BlackClock "0:00:00"]

1. d4 Nf6 2. c4 c5 3. d5 e5 4. Nc3 d6 5. e4 Be7 6. Bd3 Nbd7 7. Nge2 Nf8 8. h3 Ng6 9. O-O O-O 10. Be3 Nh5 11. Qd2 h6 12. a3 a6 13. b4 b6 14. bxc5 bxc5 15. Rab1 Bg5 16. Na4 Bxe3 17. Qxe3 Nhf4 18. Nb6 Ra7 19. Nxc8 Qxc8 20. Rb6 Qd8 21. Rfb1 Qg5 22. Ng3 Nh4 23. Bf1 Rd8 24. Rc6 h5 25. Rbb6 Nhxg2 26. Bxg2 h4 27. Rxd6 Rxd6 28. Rxd6 hxg3 29. h4 Qg4 30. fxg3 Nxg2 31. Rd8+ Kh7 32. Kxg2 Rb7 33. Qf2 Qxe4+ 34. Kh2 Rb1 35. Qg2 Qd4 36. Qc2+ e4 37. Qxb1 g6 38. Qf1 Kg7 39. Rd7 1-0


[Site "https://www.chess.com"]

[Event "Titled Tuesday Blitz August 16 Late 2022"]
[White "Andreikin, Dmitry"]
[Black "Harvey, Marcus R"]
[WhiteFideId "4158814"]
[BlackFideId "400092"]
[WhiteElo "2736"]
[BlackElo "2485"]
[Result "1-0"]
[Round "04"]
[TimeControl "180+1"]
[Date "2022.08.16"]
[WhiteClock "0:00:04"]
[BlackClock "0:00:04"]

1. d4 e6 2. Nf3 f5 3. Bg5 Be7 4. h4 b6 5. Nbd2 Bb7 6. e3 Nc6 7. c3 h6 8. Bf4 Nf6 9. Ne5 Nxe5 10. dxe5 Ne4 11. Qh5+ Kf8 12. Nxe4 Bxe4 13. O-O-O Qe8 14. Qe2 Bc6 15. h5 Bg5 16. Rh3 Qe7 17. Rg3 a5 18. Qd2 Kf7 19. Be2 Rad8 20. Bf3 Rhg8 21. e4 fxe4 22. Bxg5 hxg5 23. Be2 Rh8 24. Rxg5 Rh6 25. Qf4+ Kg8 26. Rg6 Kh7 27. g4 Rf8 28. Qh2 Kg8 29. g5 Rxg6 30. hxg6 Qxg5+ 31. Kb1 Qh6 32. Qg3 Qf4 33. Qh3 Qh6 34. Qg3 Qf4 35. Qg1 Rf5 36. Bg4 Rg5 37. Bxe6+ Kf8 38. Qh1 Ke7 39. Qh8 Qxe5 40. Bf7 Kf6 41. Qd8+ Kf5 42. Qf8 Kf4 43. a4 Qf5 44. Qd8 e3+ 45. Ka2 e2 46. Qxc7+ Kf3 47. Rc1 Bd5+ 48. Bxd5+ Qxd5+ 49. c4 Qe5 50. Qxb6 e1=Q 51. Rxe1 Qxe1 52. Qb7+ Kxf2 53. Qxd7 Qe3 54. Qxg7 Rg3 55. Qf7+ Rf3 56. Qb7 Qd4 57. g7 Rg3 58. Qf7+ Rf3 59. g8=Q Rxf7 60. Qxf7+ Ke3 61. Qd5 Qh4 62. c5 Qxa4+ 63. Kb1 Qb5 64. Qe5+ Kd2 65. Qc3+ Ke2 66. c6 Qb8 67. c7 Qc8 68. Qxa5 Kd3 69. Qd5+ Ke3 70. Qc5+ Ke4 71. b4 Kd3 72. Kb2 Qh8+ 73. Kb3 Qg8+ 74. Ka4 Qa8+ 75. Kb5 Qb7+ 76. Ka5 Qa8+ 77. Kb6 Qc8 78. b5 Qe6+ 79. Qc6 Qc8 80. Ka7 Kd4 81. b6 1-0


[Site "https://www.chess.com"]

[Event "Titled Tuesday Blitz August 16 Late 2022"]
[White "Ardila, Oscar Humberto"]
[Black "Vagman, Roy"]
[WhiteFideId "4404742"]
[BlackFideId "2828995"]
[WhiteElo "1939"]
[BlackElo "1956"]
[Result "0-1"]
[Round "04"]
[TimeControl "180+1"]
[Date "2022.08.18"]
[WhiteClock "0:00:00"]
[BlackClock "0:00:00"]

1. d4 Nf6 2. c4 g6 3. Nc3 Bg7 4. Nf3 O-O 5. e3 c5 6. Be2 d5 7. O-O Nc6 8. cxd5 Nxd5 9. dxc5 Nxc3 10. bxc3 Qa5 11. Bb2 Rd8 12. Qb3 Be6 13. Qxb7 Rab8 14. Qxc6 Rxb2 15. Qa6 Qxc5 16. Nd4 Bc8 17. Qc4 Qb6 18. Rad1 h5 19. Nc6 Re8 20. Nd4 a5 21. Bd3 e5 22. Nb3 Be6 23. Qb5 Qxb5 24. Bxb5 Rc8 25. c4 Rxa2 26. Ra1 Rxa1 27. Rxa1 e4 28. Rxa5 Bxc4 29. Bxc4 Rxc4 30. g3 Rc3 31. Ra8+ Kh7 32. Na5 Bh6 33. Nb7 Rc1+ 34. Kg2 Rc2 35. Kf1 Rc1+ 36. Kg2 Bg5 37. Nd6 Rc2 38. Kf1 f5 39. Ra7+ Kg8 40. Nf7 Bf6 41. h4 Rc1+ 42. Kg2 Rc2 43. Nh6+ Kh8 44. Nf7+ Kg7 45. Ne5+ Kh6 46. Nf7+ Kg7 47. Ng5+ Kg8 48. Ra8+ Kg7 49. Ra7+ Kh8 50. Nf7+ Kg8 51. Ne5 Bxe5 52. Ra8+ Kf7 53. Ra7+ Rc7 54. Ra6 Bf6 55. Ra8 Rc2 56. Ra6 Be7 57. Ra7 Kf6 58. Ra6+ Ke5 59. Ra5+ Bc5 60. Ra6 Bxe3 61. Rxg6 Rxf2+ 62. Kh3 Rf3 63. Rg8 Bf2 64. Re8+ Kd4 65. Rd8+ Ke3 66. Rh8 Rxg3+ 67. Kh2 Rg4 68. Rxh5 Rxh4+ 69. Rxh4 Bxh4 0-1


[Site "https://www.chess.com"]

[Event "Titled Tuesday Blitz August 16 Late 2022"]
[White "Avila Pavas, Santiago"]
[Black "Mihajlov, Sebastian"]
[WhiteFideId "4437128"]
[BlackFideId "1512110"]
[WhiteElo "2291"]
[BlackElo "2464"]
[Result "1-0"]
[Round "04"]
[TimeControl "180+1"]
[Date "2022.08.18"]
[WhiteClock "0:00:00"]
[BlackClock "0:00:00"]

1. b3 a5 2. Bb2 a4 3. Nf3 e6 4. e3 a3 5. Bc3 Nf6 6. Be2 d5 7. O-O Bd6 8. d4 Qe7 9. Nbd2 Nbd7 10. Rc1 b6 11. Ne5 c5 12. Nc6 Qf8 13. Bb5 Bb7 14. e4 dxe4 15. Nc4 Nd5 16. dxc5 Bxc5 17. Ba1 Ba6 18. Bxa6 Rxa6 19. Qe2 f5 20. N4e5 Ra8 21. b4 Bd6 22. Nxd7 Kxd7 23. Qb5 Kc8 24. c4 Nc7 25. Qxb6 Ra6 26. Qb8+ Kd7 27. b5 Qxb8 28. Nxb8+ Rxb8 29. bxa6 Nxa6 30. Rb1 Rc8 31. Rb7+ Kc6 32. Rxg7 Nb4 33. Ra7 Nxa2 34. Ra6+ Kd7 35. Rd1 Rc6 36. Rxa3 Nb4 37. Be5 Nd3 38. Raxd3 exd3 39. Rxd3 Ke7 40. Bxd6+ Rxd6 41. Rxd6 Kxd6 42. Kf1 Kc5 43. Ke2 Kxc4 44. Ke3 e5 45. f4 e4 46. g4 fxg4 47. Kxe4 Kc5 48. Ke5 h5 49. f5 Kc6 50. Ke6 h4 51. f6 g3 52. f7 gxh2 53. f8=Q h1=Q 54. Qa8+ 1-0


[Site "https://www.chess.com"]

[Event "Titled Tuesday Blitz August 16 Late 2022"]
[White "Baches Garcia, Guillermo"]
[Black "Arnold, Ken"]
[WhiteFideId "2209764"]
[BlackFideId "2056836"]
[WhiteElo "2326"]
[BlackElo "2391"]
[Result "1-0"]
[Round "04"]
[TimeControl "180+1"]
[Date "2022.08.18"]
[WhiteClock "0:00:00"]
[BlackClock "0:00:00"]

1. e4 c6 2. d4 d5 3. exd5 cxd5 4. Bd3 Nf6 5. c3 Nc6 6. h3 e5 7. dxe5 Nxe5 8. Nf3 Nxd3+ 9. Qxd3 Be7 10. O-O O-O 11. Be3 h6 12. Nbd2 Be6 13. Nd4 Qd7 14. Rfe1 Rae8 15. Rad1 a6 16. N2f3 Bd6 17. Bc1 Bb8 18. Ne5 Qc7 19. Bf4 Nh5 20. Bh2 Qb6 21. Re2 Nf6 22. Nxe6 Rxe6 23. Nf3 Bxh2+ 24. Kxh2 Rxe2 25. Qxe2 Re8 26. Qc2 Qd6+ 27. Kg1 Qf4 28. Qd2 Qc4 29. b3 Qc5 30. Qd4 Qa3 31. Qd2 Rc8 32. Re1 Qc5 33. Re3 Ne4 34. Qe1 Nxc3 35. Re8+ Rxe8 36. Qxe8+ Qf8 37. Qd7 b5 38. Nd4 g6 39. Nc6 Kg7 40. Ne7 b4 41. Nxd5 Nxd5 42. Qxd5 Qb8 43. Qd4+ Kg8 44. h4 h5 45. g3 Qb5 46. Qf4 Kg7 47. Qd4+ Kg8 48. Kh2 Qf5 49. Kg2 a5 50. Qd8+ Kg7 51. Qd4+ Qf6 52. Qc5 Qf5 53. Qd4+ Qf6 54. Qc5 Qc3 55. Qxa5 Qc6+ 56. Kh2 Qc2 57. Kg2 Qc6+ 58. Kg1 Qc1+ 59. Kh2 Qc2 60. Qe5+ Kg8 61. Qe8+ 1-0


[Site "https://www.chess.com"]

[Event "Titled Tuesday Blitz August 16 Late 2022"]
[White "Bartholomew, John"]
[Black "Filgueira, Hernan"]
[WhiteFideId "2019353"]
[BlackFideId "101770"]
[WhiteElo "2446"]
[BlackElo "2363"]
[Result "1-0"]
[Round "04"]
[TimeControl "180+1"]
[Date "2022.08.18"]
[WhiteClock "0:00:00"]
[BlackClock "0:00:00"]

1. d4 d5 2. c4 c6 3. Nf3 Nf6 4. Nbd2 g6 5. e3 Bg7 6. b3 O-O 7. Bb2 Bg4 8. Be2 e6 9. O-O Nbd7 10. h3 Bxf3 11. Nxf3 a5 12. Qc2 Re8 13. Bd3 Qb8 14. Rfc1 Qd6 15. a3 Rec8 16. c5 Qb8 17. b4 b5 18. cxb6 Qxb6 19. Bc3 axb4 20. axb4 Bf8 21. Qb2 Rcb8 22. Rcb1 Be7 23. Nd2 Ne8 24. Rxa8 Rxa8 25. b5 cxb5 26. Bxb5 Nef6 27. Bxd7 Qxb2 28. Rxb2 Nxd7 29. Rb7 Nf6 30. Rxe7 Ra3 31. Rc7 Ra2 32. Kf1 h5 33. Bb4 Rb2 34. Be7 Nh7 35. Nf3 Rb1+ 36. Ke2 Rb2+ 37. Nd2 Kg7 38. g4 hxg4 39. hxg4 g5 40. Bd6 Kg6 41. Be5 f6 42. Bd6 f5 43. gxf5+ exf5 44. Be5 g4 45. Rg7+ Kh6 46. Rd7 Kg6 47. Rd6+ Kh5 48. Rxd5 Ng5 49. Kd3 Nh3 50. Bg3 Kg6 51. Rd6+ Kg5 52. d5 Ra2 53. Rd8 Ra3+ 54. Kd4 f4 55. Bxf4+ Kf5 56. Rf8+ Kg6 57. Ne4 Ra4+ 58. Ke5 Ng1 59. d6 Nf3+ 60. Kd5 Ra5+ 61. Nc5 Ra7 62. d7 Rxd7+ 63. Nxd7 Kg7 64. Rf5 Kg6 65. e4 Ne1 66. Ne5+ Kg7 67. Nxg4 Nd3 68. Be5+ Kg6 69. Bg3 Nb4+ 70. Ke6 Nc6 71. Rf8 Nd4+ 72. Kd5 Nc2 73. Rg8+ Kf7 74. Nh6+ Ke7 75. Bh4+ Kd7 76. Rg7+ Ke8 77. e5 Nb4+ 78. Kd6 Nc6 79. Rg8# 1-0


[Site "https://www.chess.com"]

[Event "Titled Tuesday Blitz August 16 Late 2022"]
[White "Bashirli, Nail"]
[Black "Wadsworth, Matthew J"]
[WhiteFideId "13406809"]
[BlackFideId "415804"]
[WhiteElo "2333"]
[BlackElo "2294"]
[Result "0-1"]
[Round "04"]
[TimeControl "180+1"]
[Date "2022.08.18"]
[WhiteClock "0:00:00"]
[BlackClock "0:00:00"]

1. e4 c5 2. Nc3 e6 3. f4 Nc6 4. g3 d5 5. Bg2 d4 6. Nce2 d3 7. cxd3 Nb4 8. Nf3 Nxd3+ 9. Kf1 Nf6 10. e5 Ng4 11. Ne1 Ngf2 12. Qa4+ Bd7 13. Qc4 Nxe1 14. Kxe1 Nxh1 15. Bxh1 Bc6 16. Bxc6+ bxc6 17. d3 Be7 18. Be3 O-O 19. Nc3 Qa5 20. Bd2 Rab8 21. Na4 Qb5 22. Rc1 Rfd8 23. Ke2 Rd5 24. Rc2 Qb7 25. Be3 Rbd8 26. Rd2 h6 27. Nc3 R5d7 28. Ne4 Qb6 29. b3 Qa5 30. Bxc5 Bxc5 31. Qxc5 Qa6 32. Qc4 Qb6 33. Qc5 Rd5 34. Qxb6 axb6 35. Nc3 Ra5 36. a4 Rd4 37. Rb2 Rc5 38. Ke3 Rd8 39. Rc2 Ra5 40. b4 Ra7 41. Ra2 Rad7 42. Rd2 Rd4 43. b5 c5 44. Ne4 Rxa4 45. Nd6 f6 46. h4 fxe5 47. fxe5 Ra3 48. g4 Rf8 49. g5 hxg5 50. hxg5 Kh7 51. Nc4 Rb3 52. Ke4 Rxb5 53. Rg2 Kg6 54. Ke3 Rb3 55. Nd6 b5 56. Ke4 c4 57. dxc4 bxc4 58. Nxc4 Rb4 59. Kd3 Rf3+ 60. Ke2 Rfb3 61. Nd2 Rb2 62. Kd3 Rb5 63. Kc3 Ra2 64. Rg4 Rc5+ 65. Kb4 Rd5 66. Nf3 Rb2+ 67. Ka3 Rf2 68. Nd4 Kh5 69. Rg1 Rxe5 70. Rh1+ Kg6 71. Nb3 Re3 72. Ka4 Rf4+ 73. Ka3 Rff3 74. Rb1 Rxb3+ 75. Rxb3 Rxb3+ 76. Kxb3 Kxg5 77. Kc3 Kf4 78. Kd3 Kf3 79. Kd4 g5 80. Ke5 g4 81. Kxe6 g3 0-1


[Site "https://www.chess.com"]

[Event "Titled Tuesday Blitz August 16 Late 2022"]
[White "Belenkaya, Dina"]
[Black "Barria Zuniga, Daniel"]
[WhiteFideId "24142654"]
[BlackFideId "3400816"]
[WhiteElo "2196"]
[BlackElo "2414"]
[Result "1-0"]
[Round "04"]
[TimeControl "180+1"]
[Date "2022.08.18"]
[WhiteClock "0:00:00"]
[BlackClock "0:00:00"]

1. Nf3 Nf6 2. g3 d6 3. Bg2 h6 4. O-O Bf5 5. d3 Bh7 6. e4 e6 7. Re1 Be7 8. b3 O-O 9. Bb2 e5 10. Nbd2 Nbd7 11. Nh4 Re8 12. f4 Bf8 13. f5 c6 14. Nc4 d5 15. exd5 cxd5 16. Nxe5 Nxe5 17. Bxe5 Qb6+ 18. Kh1 Bb4 19. c3 Rxe5 20. Rxe5 Bxc3 21. Re7 Bxa1 22. Qxa1 Rc8 23. Qe1 Kf8 24. h3 Qd6 25. Rxb7 Re8 26. Qf2 d4 27. Rxa7 Re3 28. Ra8+ Ke7 29. Ra7+ Kf8 30. Ra8+ Ke7 31. Kh2 Nh5 32. Bf3 g6 33. Ra7+ Ke8 34. Bxh5 gxh5 35. Ra8+ Ke7 36. Qg2 Qc7 37. Nf3 Bxf5 38. Nxd4 Bd7 39. Qf2 Rxd3 40. Qe2+ Kf6 41. Qxd3 h4 42. Qf3+ Kg7 43. Ne2 Bc6 44. Qg4+ Kh7 45. Qg8# 1-0


[Site "https://www.chess.com"]

[Event "Titled Tuesday Blitz August 16 Late 2022"]
[White "Bilych, Olexiy"]
[Black "Do Nascimento,Christian Almeida"]
[WhiteFideId "14156504"]
[BlackFideId "2143801"]
[WhiteElo "2157"]
[BlackElo "2085"]
[Result "1-0"]
[Round "04"]
[TimeControl "180+1"]
[Date "2022.08.16"]
[WhiteClock "0:00:06"]
[BlackClock "0:00:01"]

1. e4 c5 2. Nf3 d6 3. d4 cxd4 4. Nxd4 Nf6 5. Nc3 a6 6. Bg5 e6 7. f4 Be7 8. Qf3 Qc7 9. O-O-O Nbd7 10. g4 b5 11. Bxf6 Nxf6 12. g5 Nd7 13. f5 Ne5 14. Qg3 Bd7 15. Bh3 b4 16. Nce2 Rc8 17. Nf4 O-O 18. fxe6 fxe6 19. Bxe6+ Kh8 20. Bb3 a5 21. Nfe6 Qb6 22. Nxf8 Bxf8 23. Rhf1 a4 24. Bd5 Be7 25. Kb1 Qc5 26. h4 Bg4 27. Rd2 Bd7 28. Nf3 Qb5 29. Rdd1 b3 30. cxb3 axb3 31. Nxe5 bxa2+ 32. Bxa2 dxe5 33. Qb3 Qa6 34. Rf7 Bg4 35. Rdf1 Qe2 36. Ka1 Qxe4 37. Rxe7 1-0


[Site "https://www.chess.com"]

[Event "Titled Tuesday Blitz August 16 Late 2022"]
[White "Blanco Ronquillo, Humberto L."]
[Black "Melikhov, Evgeny V."]
[WhiteFideId "3504239"]
[BlackFideId "4122046"]
[WhiteElo "2425"]
[BlackElo "1963"]
[Result "0-1"]
[Round "04"]
[TimeControl "180+1"]
[Date "2022.08.18"]
[WhiteClock "0:00:00"]
[BlackClock "0:00:00"]

1. d4 Nf6 2. c4 e6 3. Nf3 d5 4. Nc3 Bb4 5. cxd5 exd5 6. Qa4+ Nc6 7. Bg5 h6 8. Bxf6 Qxf6 9. e3 O-O 10. Be2 Be6 11. O-O a6 12. Rfc1 Bd6 13. Qd1 Ne7 14. Na4 Rad8 15. Nc5 Bc8 16. b4 g5 17. Nd2 Ng6 18. Nf1 Nh4 19. Rc3 Qg6 20. Bh5 Qg7 21. Rac1 g4 22. Ng3 Qg5 23. Nd3 Bxg3 24. hxg3 Nf3+ 25. gxf3 Qxh5 26. Rxc7 gxf3 27. Ne5 Bg4 28. Rxb7 Rd6 29. Rcc7 Rf6 30. a4 Bh3 31. g4 Bxg4 32. Nxg4 Qxg4+ 33. Kf1 Qg2+ 34. Ke1 Qg1+ 35. Kd2 Qxf2+ 36. Kd3 Re8 37. Re7 Rxe7 38. Rxe7 Qa2 39. Re8+ Kg7 40. Qg1+ Rg6 41. Qh2 Qxh2 0-1


[Site "https://www.chess.com"]

[Event "Titled Tuesday Blitz August 16 Late 2022"]
[White "Bogaudinov, Rushan"]
[Black "Danielyan, Vahe"]
[WhiteFideId "4129288"]
[BlackFideId "13304828"]
[WhiteElo "2040"]
[BlackElo "2421"]
[Result "1-0"]
[Round "04"]
[TimeControl "180+1"]
[Date "2022.08.18"]
[WhiteClock "0:00:00"]
[BlackClock "0:00:00"]

1. d4 d5 2. Nf3 Nf6 3. g3 Bg4 4. Bg2 e6 5. O-O Nbd7 6. b3 Bd6 7. Bb2 c6 8. Nbd2 h5 9. h3 Bxf3 10. Nxf3 Qe7 11. a3 O-O-O 12. Ne5 g5 13. Qd2 h4 14. g4 Ne4 15. Qa5 Kb8 16. c4 f6 17. Nxd7+ Qxd7 18. cxd5 exd5 19. Bxe4 dxe4 20. Qf5 Qxf5 21. gxf5 Rhg8 22. f3 e3 23. Kg2 Bf4 24. Rac1 Rd5 25. Rc5 Rgd8 26. Rfc1 Kc7 27. b4 R8d6 28. Kf1 b6 29. Rxd5 Rxd5 30. a4 a6 31. Ke1 Rxf5 32. Kd1 Rd5 33. Kc2 Kd6 34. Kd3 f5 35. Ba3 Ke6 36. Rxc6+ Rd6 37. b5 Rxc6 38. bxc6 Kd5 39. c7 Bxc7 40. Kxe3 Kc4 41. Be7 Bf4+ 42. Kf2 Kxd4 43. Bf6+ Kc4 44. e3 Bg3+ 45. Ke2 Kb3 46. Bd4 Bc7 47. e4 fxe4 48. fxe4 Kxa4 49. e5 Kb5 50. Kd3 Kc6 51. Ke4 a5 52. Be3 a4 53. Bxg5 b5 54. Bxh4 b4 55. Bf6 1-0


[Site "https://www.chess.com"]

[Event "Titled Tuesday Blitz August 16 Late 2022"]
[White "Boros, Denes"]
[Black "Roman, Rodrigo"]
[WhiteFideId "722340"]
[BlackFideId "3701220"]
[WhiteElo "2464"]
[BlackElo "2001"]
[Result "1-0"]
[Round "04"]
[TimeControl "180+1"]
[Date "2022.08.16"]
[WhiteClock "0:02:29"]
[BlackClock "0:02:34"]

1. Nc3 d5 2. e4 dxe4 3. Nxe4 Nd7 4. Bc4 Ngf6 5. Ng5 e6 6. Qe2 h6 7. Nxf7 Kxf7 8. Qxe6+ Kg6 9. Bd3+ Kh5 10. Qh3+ Kg5 11. Nf3+ Kf4 12. Qg3# 1-0


[Site "https://www.chess.com"]

[Event "Titled Tuesday Blitz August 16 Late 2022"]
[White "Bringas Gomez, Artai"]
[Black "Remolar Gallen, Jose"]
[WhiteFideId "24534064"]
[BlackFideId "2215187"]
[WhiteElo "2039"]
[BlackElo "2205"]
[Result "1-0"]
[Round "04"]
[TimeControl "180+1"]
[Date "2022.08.18"]
[WhiteClock "0:00:00"]
[BlackClock "0:00:00"]

1. e4 c5 2. a3 g6 3. Nc3 Bg7 4. Bc4 Nc6 5. d3 e6 6. h4 h6 7. h5 g5 8. f4 gxf4 9. Bxf4 Qf6 10. Qd2 Nd4 11. O-O-O Ne7 12. e5 Qf5 13. Ne4 Bxe5 14. Bxe5 Qxe5 15. c3 Ndf5 16. Nf3 Qg7 17. g4 Ng3 18. Nxg3 Qxg4 19. Ne4 Qxf3 20. Rdf1 Qxf1+ 21. Rxf1 f5 22. Nd6+ Kf8 23. Qe3 1-0


[Site "https://www.chess.com"]

[Event "Titled Tuesday Blitz August 16 Late 2022"]
[White "Chernomordik, Pavel"]
[Black "Turayev, Shahruh"]
[WhiteFideId "2804530"]
[BlackFideId "14003856"]
[WhiteElo "2217"]
[BlackElo "2217"]
[Result "1-0"]
[Round "04"]
[TimeControl "180+1"]
[Date "2022.08.18"]
[WhiteClock "0:00:00"]
[BlackClock "0:00:00"]

1. e4 d5 2. exd5 Qxd5 3. Nc3 Qa5 4. Bc4 Nf6 5. Nf3 Nc6 6. Qe2 Bg4 7. Bb5 e6 8. h3 Bh5 9. g4 Bg6 10. Ne5 a6 11. Nxc6 Qb6 12. Ne5+ axb5 13. Qxb5+ Qxb5 14. Nxb5 Kd8 15. d3 c6 16. Nc3 Bd6 17. f4 Nd7 18. Nxg6 hxg6 19. Ne4 Be7 20. Be3 Nf6 21. Nxf6 Bxf6 22. c3 Kd7 23. Ke2 b5 24. Bc5 Be7 25. Bd4 Rh7 26. Kf3 Bd6 27. Be5 Bxe5 28. fxe5 f6 29. d4 f5 30. h4 Rah8 31. Kg3 g5 32. h5 f4+ 33. Kf3 Ra8 34. a3 Ke7 35. Rh2 Rah8 36. Rah1 g6 37. Ke4 gxh5 38. Rxh5 Rxh5 39. Rxh5 Rxh5 40. gxh5 Kf7 41. b3 Kg7 42. a4 bxa4 43. bxa4 Kh6 44. a5 Kxh5 45. a6 Kg4 46. a7 f3 47. a8=Q f2 48. Qf8 Kg3 49. Qf3+ Kh4 50. Qxf2+ Kh3 51. Kf3 g4+ 52. Kf4 g3 53. Qxg3# 1-0


[Site "https://www.chess.com"]

[Event "Titled Tuesday Blitz August 16 Late 2022"]
[White "Chigaev, Maksim"]
[Black "Kambrath, Yannick"]
[WhiteFideId "4108116"]
[BlackFideId "20632525"]
[WhiteElo "2487"]
[BlackElo "2236"]
[Result "0-1"]
[Round "04"]
[TimeControl "180+1"]
[Date "2022.08.16"]
[WhiteClock "0:00:09"]
[BlackClock "0:01:04"]

1. e4 c5 2. Nf3 e6 3. g3 b5 4. Bg2 Bb7 5. d4 Bxe4 6. Nc3 Bb7 7. Nxb5 Qa5+ 8. Nc3 cxd4 9. Qxd4 Nc6 10. Qd1 Nf6 11. O-O Be7 12. Nd4 O-O 13. Be3 Nxd4 14. Bxb7 Rab8 15. Bxd4 Rxb7 16. Qf3 d5 17. a3 Rc8 18. b4 Qd8 19. Rad1 Nd7 20. Rfe1 Bf6 21. Bxf6 Qxf6 22. Qxf6 gxf6 23. Re3 a6 24. Ne2 Rxc2 25. Nd4 Rc4 26. f4 Rbc7 27. Kf2 f5 28. Nxe6 Rc2+ 29. Kf3 fxe6 30. Rxe6 R7c3+ 31. Re3 Nf6 32. Rxc3 Rxc3+ 33. Ke2 Rxa3 34. Rc1 d4 35. Rc6 d3+ 0-1


[Site "https://www.chess.com"]

[Event "Titled Tuesday Blitz August 16 Late 2022"]
[White "Claverie, Christophe"]
[Black "McBryde, Lamel"]
[WhiteFideId "605514"]
[BlackFideId "2058596"]
[WhiteElo "2300"]
[BlackElo "2136"]
[Result "1-0"]
[Round "04"]
[TimeControl "180+1"]
[Date "2022.08.18"]
[WhiteClock "0:00:00"]
[BlackClock "0:00:00"]

1. d4 Nf6 2. Bg5 Ne4 3. Bf4 d5 4. f3 Nd6 5. Nc3 c6 6. e4 dxe4 7. fxe4 g6 8. Qd2 Bg7 9. Nf3 Bg4 10. Ne5 Bc8 11. Bd3 Nd7 12. Nf3 Nb6 13. b3 Bg4 14. Ne5 Bxe5 15. Bxe5 f6 16. Bg3 Nf7 17. Bf2 e5 18. d5 O-O 19. h3 Bd7 20. a4 cxd5 21. Nxd5 Nxd5 22. exd5 b6 23. O-O Nd6 24. c4 Rc8 25. a5 e4 26. Be2 f5 27. axb6 axb6 28. Ra6 f4 29. Bxb6 Qg5 30. Kh1 Nf5 31. Kh2 Qg3+ 32. Kh1 f3 33. Bxf3 exf3 34. Rxf3 Qh4 35. Bf2 Qe7 36. Ra7 Qe8 37. c5 Bb5 38. d6 Rf7 39. Qd5 Kg7 40. Qxf7+ Qxf7 41. Rxf7+ Kxf7 42. g4 Be2 43. Rc3 Ng7 44. c6 Ba6 45. d7 Rd8 46. Bb6 Ne6 47. Bxd8 Nxd8 48. c7 Ne6 49. c8=Q 1-0


[Site "https://www.chess.com"]

[Event "Titled Tuesday Blitz August 16 Late 2022"]
[White "Diem, Thomas"]
[Black "Bongo Akanga Ndjila, Barthelemy"]
[WhiteFideId "30937841"]
[BlackFideId "10609431"]
[WhiteElo "1998"]
[BlackElo "1768"]
[Result "1-0"]
[Round "04"]
[TimeControl "180+1"]
[Date "2022.08.18"]
[WhiteClock "0:00:00"]
[BlackClock "0:00:00"]

1. c4 e5 2. Nc3 Nf6 3. Nf3 Nc6 4. d4 exd4 5. Nxd4 Bc5 6. Nxc6 bxc6 7. e3 O-O 8. Be2 Re8 9. O-O d6 10. b3 Bf5 11. Bb2 d5 12. cxd5 cxd5 13. Rc1 Bd6 14. Nb5 Be5 15. Bxe5 Rxe5 16. Nxc7 Rc8 17. Nb5 Rxc1 18. Qxc1 Re7 19. Nd4 Be4 20. Nc6 Qd7 21. Nxe7+ 1-0


[Site "https://www.chess.com"]

[Event "Titled Tuesday Blitz August 16 Late 2022"]
[White "Dubov, Daniil"]
[Black "Romero Ruscalleda, Josep"]
[WhiteFideId "24126055"]
[BlackFideId "2231859"]
[WhiteElo "2791"]
[BlackElo "2193"]
[Result "1-0"]
[Round "04"]
[TimeControl "180+1"]
[Date "2022.08.18"]
[WhiteClock "0:00:00"]
[BlackClock "0:00:00"]

1. e4 g6 2. h4 h5 3. Nc3 Bg7 4. Bc4 d6 5. d3 Nc6 6. Nh3 Ne5 7. Ng5 Nxc4 8. dxc4 e6 9. Be3 Qe7 10. Bd4 Nf6 11. Qf3 e5 12. Be3 Bg4 13. Qg3 c6 14. f3 Be6 15. c5 O-O-O 16. O-O-O Bc4 17. cxd6 Rxd6 18. Rxd6 Qxd6 19. Rd1 Qe7 20. Bxa7 Nd7 21. Qf2 f6 22. Nh3 Qb4 23. a3 Qa5 24. Rxd7 Kxd7 25. Bb6 Qa8 26. Qd2+ Ke6 27. Bc7 Bf8 28. f4 Qc8 29. f5+ gxf5 30. exf5+ Kf7 31. Bxe5 Qxf5 32. Bf4 Be7 33. Qd4 Qc5 34. Qe4 Be6 35. Qf3 Bg4 36. Qd3 Qf5 37. Qc4+ Qe6 38. Qf1 Rd8 39. Bc7 Qe3+ 40. Kb1 Rd7 41. Bf4 Qb6 42. Bc1 Qd4 43. Nf4 b5 44. Nd3 b4 45. axb4 Bxb4 46. Ne2 Bxe2 47. Qxe2 Be7 48. Qxh5+ Kf8 49. Qg6 c5 50. Bh6# 1-0


[Site "https://www.chess.com"]

[Event "Titled Tuesday Blitz August 16 Late 2022"]
[White "Espinosa Veloz, Ermes"]
[Black "Boruchovsky, Avital"]
[WhiteFideId "3507424"]
[BlackFideId "2800055"]
[WhiteElo "2333"]
[BlackElo "2466"]
[Result "0-1"]
[Round "04"]
[TimeControl "180+1"]
[Date "2022.08.16"]
[WhiteClock "0:00:02"]
[BlackClock "0:00:05"]

1. d4 Nf6 2. c4 e6 3. g3 d5 4. Bg2 dxc4 5. Nf3 Nc6 6. Qa4 Bb4+ 7. Bd2 Nd5 8. Qb5 Bxd2+ 9. Nbxd2 c3 10. bxc3 Nxc3 11. Qd3 Nd5 12. O-O O-O 13. Rab1 Nb6 14. e4 Bd7 15. Rfc1 a5 16. a3 Qe7 17. h4 Rfd8 18. e5 h6 19. Ne4 Be8 20. Nc5 Rab8 21. Qe4 Rd5 22. Bf1 Nxd4 23. Nxd4 Rxc5 24. Bd3 g6 25. h5 Rxc1+ 26. Rxc1 Nd5 27. hxg6 fxg6 28. Qg4 h5 29. Qxe6+ Qxe6 30. Nxe6 Bf7 31. Ng5 Re8 32. e6 Bxe6 33. Bxg6 Re7 34. Bxh5 Bf5 35. Bf3 c6 36. Bxd5+ cxd5 37. Rc5 Re1+ 38. Kg2 Be4+ 39. f3 Re2+ 40. Kh3 Bf5+ 41. g4 Bd7 42. Rxd5 Bc6 43. Rd6 Re3 44. Kg3 Rxa3 45. Rg6+ Kf8 46. Rf6+ Kg7 47. Rf7+ Kg6 48. Kh4 Ra1 49. Rf8 Rh1+ 50. Nh3 a4 51. Rf5 a3 52. Rg5+ Kf6 53. Rf5+ Ke6 54. Ra5 Bxf3 55. Rxa3 Bg2 56. Rg3 Rxh3+ 57. Rxh3 Bxh3 58. Kxh3 b5 59. Kg3 b4 0-1


[Site "https://www.chess.com"]

[Event "Titled Tuesday Blitz August 16 Late 2022"]
[White "Ezat, Mohamed"]
[Black "Silvestre, Christian"]
[WhiteFideId "10600906"]
[BlackFideId "30956269"]
[WhiteElo "2386"]
[BlackElo "1942"]
[Result "0-1"]
[Round "04"]
[TimeControl "180+1"]
[Date "2022.08.18"]
[WhiteClock "0:00:00"]
[BlackClock "0:00:00"]

1. Nf3 Nf6 2. d4 d6 3. c4 g6 4. Nc3 Bg7 5. e4 O-O 6. Be2 c5 7. d5 e6 8. Bg5 h6 9. Bf4 exd5 10. exd5 Nh5 11. Be3 Re8 12. Qd2 Kh7 13. h3 Nf6 14. O-O a6 15. a4 b6 16. Bd3 Ra7 17. Rae1 Rae7 18. Bf4 Qc7 19. Rxe7 Rxe7 20. Bh2 Nbd7 21. Bc2 Nf8 22. Qf4 Ne8 23. h4 Kg8 24. h5 g5 25. Qd2 f5 26. Qd3 Nf6 27. Ne2 Nxh5 28. g4 fxg4 29. Nd2 Nf6 30. Ne4 Nxe4 31. Ng3 Nxg3 32. fxg3 Rf7 33. Kh1 Rxf1+ 34. Qxf1 Qf7 35. Qd3 Qf3+ 36. Kg1 Qxd3 37. Bxd3 Bd4+ 38. Kg2 Bxb2 0-1


[Site "https://www.chess.com"]

[Event "Titled Tuesday Blitz August 16 Late 2022"]
[White "Fernandez Hernandez, Gerardo"]
[Black "Fernandez Siles, Luis"]
[WhiteFideId "2207400"]
[BlackFideId "2209420"]
[WhiteElo "2169"]
[BlackElo "2211"]
[Result "1-0"]
[Round "04"]
[TimeControl "180+1"]
[Date "2022.08.18"]
[WhiteClock "0:00:00"]
[BlackClock "0:00:00"]

1. e4 c5 2. d3 d5 3. Nd2 Nf6 4. Ngf3 Nc6 5. g3 e5 6. Bg2 Be7 7. O-O O-O 8. exd5 Nxd5 9. Nc4 f6 10. a4 Bg4 11. h3 Bh5 12. c3 Qd7 13. a5 Rad8 14. Qa4 Kh8 15. Re1 Qf5 16. g4 Bxg4 17. hxg4 Qxg4 18. Ne3 Qg6 19. Nh4 Qxd3 20. Rd1 1-0


[Site "https://www.chess.com"]